 Dungeon Crawl Stone Soup version 0.23.2-33-g5129a83184 (webtiles) character file.

Game seed: 17394891074153043425

7588 Folque the Frost Mage (level 10, -3/79 HPs)
             Began as a Purple Draconian Ice Elementalist on July 6, 2019.
             Was an Elder of Sif Muna.
             Hit by a large rock thrown by a cyclops (49 damage)
             ... on level 11 of the Dungeon.
             The game lasted 00:50:43 (11839 turns).

Folque the Frost Mage (DrIE)                       Turns: 11839, Time: 00:50:44

Health: -3/79      AC:  9    Str: 11    XL:     10   Next: 97%
Magic:  4/18       EV: 13    Int: 18    God:    Sif Muna [****..]
Gold:   528        SH:  0    Dex: 12    Spells: 1/20 levels left

rFire    . . .     SeeInvis .   I - +1 spear (venom)
rCold    . . .     Gourm    .   (no shield)
rNeg     . . .     Faith    .   (armour unavailable)
rPois    .         Spirit   .   (helmet restricted)
rElec    .         Reflect  .   w - +1 cloak
rCorr    .         Harm     .   (no gloves)
MR       +....                  (no boots)
Stlth    ++........             (no amulet)
HPRegen  0.23/turn              (no ring)
MPRegen  0.16/turn              (no ring)

@: divine energy
A: breathe power, unfitting armour, cold-blooded, AC +7
a: Breathe Dispelling Energy, Stop Divine Energy, Channel Magic, Forget Spell,
Renounce Religion


You were on level 11 of the Dungeon.
You worshipped Sif Muna.
Sif Muna was greatly pleased with you.
You were very hungry.

You visited 2 branches of the dungeon, and saw 12 of its levels.

You collected 608 gold pieces.
You spent 80 gold pieces at shops.

Inventory:

Hand Weapons
 d - a +0 short sword
 v - a +3 quarterstaff of chaos
 I - a +1 spear of venom (weapon)
Missiles
 h - 5 javelins (quivered)
 k - 24 poisoned needles
 S - a throwing net
 V - 2 poisoned javelins
Armour
 n - a +2 pair of gloves
 w - a +1 cloak (worn)
Jewellery
 a - an uncursed ring of positive energy {unknown}
 i - a +2 ring of protection
 r - an uncursed amulet of regeneration
 x - an uncursed ring of wizardry
 F - a +4 ring of protection
 Q - an uncursed ring of stealth {unknown}
 R - a +1 ring of protection
 U - an uncursed ring of fire
Wands
 l - a wand of digging (2)
 t - a wand of disintegration (12)
 A - a wand of polymorph (11)
 E - a wand of flame (25)
 K - a wand of clouds (3)
 M - a wand of paralysis (21)
 N - a wand of enslavement (14)
Scrolls
 e - a scroll of magic mapping
 g - a scroll of enchant weapon {unknown}
 s - 3 scrolls of immolation
 u - 2 scrolls of fear {unknown}
 y - 2 scrolls of blinking {unknown}
 z - 2 scrolls of enchant armour
 C - 4 scrolls of teleportation
 D - 5 scrolls of remove curse
 H - a scroll of random uselessness {unknown}
 O - a scroll of brand weapon {unknown}
 T - 3 scrolls of amnesia {unknown}
Potions
 c - 2 potions of heal wounds
 f - a potion of curing
 j - a potion of flight {unknown}
 m - a potion of lignification
 o - a potion of agility
 p - 2 potions of might
 q - a potion of ambrosia
 B - 2 potions of degeneration
 G - a potion of mutation {unknown}
 J - a potion of brilliance {unknown}
 P - a potion of resistance {unknown}
Comestibles
 b - 21 rations
 L - 4 chunks of flesh


   Skills:
 - Level 4.2 Fighting
 - Level 2.0 Throwing
 - Level 4.0 Dodging
 - Level 2.2 Stealth
 - Level 5.6 Spellcasting
 + Level 7.1 Conjurations
 * Level 4.3 Hexes
 - Level 5.0 Summonings
 - Level 10.0 Ice Magic
 * Level 6.7 Invocations


You had one spell level left.
You knew the following spells:

 Your Spells              Type           Power        Failure   Level  Hunger
a - Freeze                Ice            ####         1%          1    None
b - Throw Frost           Conj/Ice       #####.       1%          2    None
c - Ozocubu's Armour      Chrm/Ice       ###.....     4%          3    ##.....
d - Summon Ice Beast      Ice/Summ       ####....     5%          4    ####...
e - Throw Icicle          Conj/Ice       #####...     3%          4    ####...
f - Metabolic Englaciati  Hex/Ice        ####......   19%         5    #####..

Your spell library contained the following spells:

 Spells                   Type           Power        Failure   Level  Hunger
 Confusing Touch          Hex            ###...       1%          1    None
 Corona                   Hex            ###....      1%          1    None
 Slow                     Hex            ###.....     3%          2    None
 Confuse                  Hex            ###.....     6%          3    ##.....
 Inner Flame              Hex/Fire       ##......     16%         3    ##.....
 Portal Projectile        Hex/Tloc       ##....       16%         3    ##.....
 Cause Fear               Hex            ###.......   21%         4    ####...
 Gell's Gravitas          Tloc           #.........   36%         3    ##.....
 Leda's Liquefaction      Hex/Erth       ##........   45%         4    ####...
 Petrify                  Tmut/Erth      #.......     77%         4    ####...
 Yara's Violent Unravell  Hex/Tmut       ##........   80%         5    #####..


Dungeon Overview and Level Annotations

Branches:
Dungeon (11/15)            Temple (1/1) D:4            Lair (0/6) D:10
    Orc: D:9-12

Altars:
Ashenzari
Cheibriados
Dithmenos
Elyvilon
Fedhas
Gozag
Hepliaklqana
Kikubaaqudgha
Makhleb
Nemelex Xobeh
Okawaru
Qazlal
Ru
Sif Muna
Trog
Uskayaw
Vehumet
Wu Jian
Xom
Yredelemnul
Zin
The Shining One

Shops:
D:4 !   D:5 :   D:6 *[*   D:9 !

Annotations:
D:7 5 runed translucent doors
D:10 2 transporters, exclusion: orange crystal statue, Erolcha


Innate Abilities, Weirdness & Mutations

You can breathe bolts of dispelling energy.
Your rich purple scales are hard. (AC +7)
You cannot fit into any form of body armour.
You are cold-blooded and may be slowed by cold attacks.


Message History

r - Retreat! s - Stop attacking. g - Guard the area. f - Follow me.
Anything else - Cancel.
Gang up on whom?
Press: ? - help, Dir - move target cursor, f - cyclops
Aim: a cyclops Attack!
Casting: Summon Ice Beast (safe; 5% risk of failure)
Confirm with . or Enter, or press ? or * to list all spells.
A chill wind blows around you. The cyclops hits your ice beast!!
Your ice beast dies!
You swap places.
The cyclops throws a large rock.
The large rock closely misses your ice beast.
The large rock hits you!!
You see here a large rock.
The cyclops throws a large rock.
The large rock hits your ice beast!!!
Your ice beast dies!
The cyclops throws a large rock.
The large rock hits you!!!
Ouch! That really hurt!
You die...

#...# #.)##....# #<..#
#..##..#.###........ #†..#
#..##......#.C......
###...#####..##......#...≈.P..
.............##......#.≈≈≈≈...
.............##......#.≈≈≈≈.#
###..######..##......#.≈≈≈≈.#
#..# #..##..#####.≈≈≈≈.# #..#
#..##.@#####...≈P.# #..#
#[.##.(.(.........# #..#
#.................# §PP#
#.........C.......#
#..###............# #..#
#............# #..#
#............# #..#
#............# #..#
#............#


You could see a cyclops.

Vanquished Creatures
  Snorg (D:9)
  A centaur skeleton (D:10)
  A troll (D:10)
  2 hippogriffs
  A wraith (D:9)
  Sigmund (D:2)
  A wyvern (D:10)
  Edmund (D:6)
  2 sky beasts (D:6)
  A phantom (D:9)
  8 ogres
  An orc warrior (D:9)
  3 ice beasts
  3 necrophages
  5 centaurs
  A crocodile (D:8)
  2 big kobolds
  A gnoll sergeant (D:6)
  A water moccasin zombie (D:4)
  A wyvern zombie (D:8)
  2 scorpions
  3 killer bees (D:7)
  A troll zombie (D:9)
  6 wights
  2 howler monkeys
  A crimson imp (D:9)
  4 human zombies (D:9)
  2 quasits (D:9)
  4 hounds
  3 jellies
  Crazy Yiuf (D:3)
  2 orc priests
  3 orc wizards
  Jessica (D:2)
  2 iguanas
  6 worker ants
  A killer bee zombie (D:8)
  A hound skeleton (D:9)
  A worker ant zombie (D:6)
  A howler monkey zombie (D:9)
  7 adders
  A gnoll (D:6)
  2 shadow imps
  A worm (D:3)
  3 dart slugs
  6 leopard geckos
  13 orcs
  6 giant cockroaches
  3 goblins
  11 hobgoblins
  4 jackals
  5 quokkas
  A ball python (D:3)
  9 bats
  5 frilled lizards
  2 giant cockroach zombies
  21 kobolds
  An orc skeleton (D:9)
  A quokka zombie (D:8)
  7 rats
  A fungus (D:3)
195 creatures vanquished.

Vanquished Creatures (collateral kills)
  Harold (D:8)
  An ugly thing (D:11)
  Joseph (D:8)
  A hippogriff (D:6)
  An orc warrior (D:9)
  An ice beast (D:5)
  A phantom (D:8)
  A centaur (D:5)
  3 ogres
  2 crocodiles (D:10)
  A big kobold (D:7)
  Blork the orc (D:5)
  A wyvern skeleton (D:10)
  A troll zombie (D:9)
  A water moccasin skeleton (D:9)
  A scorpion (D:7)
  2 killer bees (D:7)
  2 wights (D:9)
  A howler monkey (D:8)
  A crimson imp (D:7)
  A bullfrog zombie (D:11)
  Ijyb (D:5)
  An iguana (D:9)
  A worker ant (D:7)
  An ogre zombie (D:9)
  A mummy (D:9)
  3 gnolls (D:6)
  An adder (D:7)
  An orc (D:9)
  A kobold (D:7)
37 creatures vanquished.

Vanquished Creatures (others)
  A hippogriff (D:10)
  A yak (D:10)
  A water moccasin (D:9)
  An orc priest (D:9)
4 creatures vanquished.

Grand Total: 236 creatures vanquished

Notes
Turn   | Place    | Note
-------+----------+-------------------------------------------
     0 | D:1      | Folque the Draconian Ice Elementalist began the quest for
                  | the Orb.
     0 | D:1      | Reached XP level 1. HP: 14/14 MP: 3/3
     1 | D:1      | Noticed a vampire
     2 | D:1      | Noticed an octopode
     4 | D:1      | Noticed a draconian
     6 | D:1      | Noticed a troll
     6 | D:1      | Noticed a ghoul
     8 | D:1      | Noticed a demonspawn
     8 | D:1      | Noticed a human
    10 | D:1      | Noticed a centaur
    10 | D:1      | Noticed a merfolk
    12 | D:1      | Noticed a tengu
    14 | D:1      | Noticed a gargoyle
    16 | D:1      | Noticed a naga
    18 | D:1      | Noticed an ogre
    18 | D:1      | Noticed a halfling
    20 | D:1      | Noticed a spriggan
    20 | D:1      | Noticed a dwarf
    22 | D:1      | Noticed a demigod
    22 | D:1      | Noticed a formicid
    24 | D:1      | Noticed a minotaur
    24 | D:1      | Noticed a felid
    26 | D:1      | Noticed an elf
    26 | D:1      | Noticed a vine stalker
   121 | D:1      | Reached XP level 2. HP: 6/20 MP: 1/5
   151 | D:1      | Learned a level 2 spell: Throw Frost
   855 | D:1      | Reached XP level 3. HP: 27/27 MP: 6/6
   860 | D:1      | Learned a level 3 spell: Ozocubu's Armour
  1109 | D:2      | Noticed Jessica
  1122 | D:2      | Killed Jessica
  1122 | D:2      | Reached skill level 1 in Fighting
  1206 | D:2      | Noticed Sigmund
  1233 | D:2      | Killed Sigmund
  1233 | D:2      | Reached skill level 4 in Ice Magic
  1233 | D:2      | Reached XP level 4. HP: 20/37 MP: 0/10
  1233 | D:2      | Reached XP level 5. HP: 23/42 MP: 0/11
  1239 | D:2      | Learned a level 4 spell: Summon Ice Beast
  1702 | D:2      | Found an ornate altar of the Wu Jian Council.
  1983 | D:3      | Reached skill level 1 in Summonings
  2101 | D:3      | Found a runed translucent door.
  2102 | D:3      | Noticed Crazy Yiuf
  2114 | D:3      | Killed Crazy Yiuf
  2114 | D:3      | Reached XP level 6. HP: 16/50 MP: 3/12
  2777 | D:4      | Your scales start taking on a rich purple colour.
  2777 | D:4      | Reached skill level 5 in Spellcasting
  2777 | D:4      | Reached XP level 7. HP: 33/56 MP: 1/15
  2783 | D:4      | Learned a level 4 spell: Throw Icicle
  2804 | D:4      | Found a staircase to the Ecumenical Temple.
  2821 | Temple   | Entered the Ecumenical Temple
  2874 | Temple   | Became a worshipper of Sif Muna the Loreminder
  3133 | D:4      | Found Paepruje's Distillery.
  3495 | D:5      | Entered Level 5 of the Dungeon
  3786 | D:5      | Noticed Ijyb
  3798 | D:5      | Killed Ijyb
  3798 | D:5      | Reached skill level 5 in Ice Magic
  4116 | D:5      | Found Xexzoy's Book Shop.
  4148 | D:5      | Noticed Blork the orc
  4159 | D:5      | Killed Blork the orc
  4164 | D:5      | Found a burning altar of Makhleb.
  4225 | D:5      | Reached skill level 1 in Throwing
  4361 | D:5      | Reached skill level 5 in Summonings
  4361 | D:5      | Reached XP level 8. HP: 62/62 MP: 3/16
  4639 | D:6      | Found Hiyc's Assorted Antiques.
  4861 | D:6      | Found Xies Wiu's Assorted Antiques.
  4888 | D:6      | Noticed Edmund
  4901 | D:6      | Killed Edmund
  4901 | D:6      | Reached * piety under Sif Muna
  5146 | D:6      | Found Poynn's Antique Armour Boutique.
  5214 | D:6      | Noticed a hippogriff
  5226 | D:6      | Killed a hippogriff
  5226 | D:6      | Reached skill level 6 in Ice Magic
  5665 | D:6      | Found a shattered altar of Ashenzari.
  5932 | D:7      | Found a bloodstained altar of Trog.
  5938 | D:7      | Found a blossoming altar of Fedhas.
  5941 | D:7      | Found a shadowy altar of Dithmenos.
  5943 | D:7      | Found a shimmering altar of Xom.
  6012 | D:7      | Reached skill level 7 in Ice Magic
  6012 | D:7      | Reached XP level 9. HP: 31/68 MP: 0/17
  6191 | D:7      | Found the +9 staff of Olgreb {rPois}
  6196 | D:7      | Found a runed translucent gate.
  6197 | D:7      | Found a runed translucent door.
  6203 | D:7      | Found a runed translucent gate.
  6211 | D:7      | Reached ** piety under Sif Muna
  6314 | D:7      | Found a runed translucent gate.
  6322 | D:7      | Found a runed translucent door.
  6811 | D:8      | Reached skill level 8 in Ice Magic
  6815 | D:8      | Noticed Harold
  6817 | D:8      | Noticed Joseph
  6948 | D:6      | Reached skill level 5 in Conjurations
  7459 | D:8      | Found a hazy altar of Hepliaklqana.
  7581 | D:8      | Killed Joseph
  7899 | D:8      | Found a basalt altar of Yredelemnul.
  8018 | D:8      | Killed Harold
  8018 | D:8      | Reached *** piety under Sif Muna
  8018 | D:8      | Reached skill level 9 in Ice Magic
  8215 | D:9      | Reached skill level 1 in Invocations
  8324 | D:9      | Reached XP level 10. HP: 77/77 MP: 3/18
  8433 | D:9      | Found a radiant altar of Vehumet.
  8555 | D:9      | Found a sacrificial altar of Ru.
  8890 | D:9      | Found a basalt altar of Yredelemnul.
  9423 | D:9      | Reached skill level 10 in Ice Magic
  9459 | D:9      | Learned a level 5 spell: Metabolic Englaciation
  9632 | D:9      | Found an iron altar of Okawaru.
  9664 | D:9      | Found Lueta's Distillery.
  9672 | D:9      | Bought a potion of heal wounds for 80 gold pieces
 10034 | D:10     | Entered Level 10 of the Dungeon
 10034 | D:10     | Found a transporter.
 10034 | D:10     | Noticed a wolf spider
 10034 | D:10     | Noticed an orange crystal statue
 10034 | D:10     | Noticed a tengu reaver
 10034 | D:10     | Noticed a manticore
 10039 | D:10     | Noticed an ogre mage
 10041 | D:10     | Noticed a tengu warrior
 10051 | D:10     | Reached **** piety under Sif Muna
 10059 | D:10     | Noticed Erolcha
 10081 | D:10     | Found a stormy altar of Qazlal.
 10081 | D:10     | Found a transporter.
 10109 | D:10     | Reached skill level 1 in Hexes
 10109 | D:10     | Reached skill level 5 in Invocations
 10141 | D:10     | Noticed Snorg
 10512 | D:9      | Killed Snorg
 11041 | D:10     | Found a staircase to the Lair.
 11340 | D:11     | Noticed a cyan ugly thing
 11351 | D:11     | Killed a cyan ugly thing
 11818 | D:11     | Noticed a cyclops
 11839 | D:11     | Hit by a large rock thrown by a cyclops

Skill      XL: |  1  2  3  4  5  6  7  8  9 10 |
---------------+-------------------------------+-----
Stealth        | 2 |  2.2
Fighting       | 2 3 4 |  4.2
Spellcasting   | 4 5 |  5.6
Ice Magic      | 4 5 7 9 10 | 10.0
Summonings     | 1 3 5 |  5.0
Conjurations   | 2 4 6 7 |  7.1
Throwing       | 1 2 |  2.0
Dodging        | 4 |  4.0
Invocations    | 2 6 |  6.7
Hexes          | 4 |  4.3

Action                   |  1- 3 |  4- 6 |  7- 9 | 10-12 || total
-------------------------+-------+-------+-------+-------++-------
Melee: Unarmed           |    18 |       |       |       ||    18
       Short sword       |    71 |    82 |       |       ||   153
       Tailslap          |     4 |    16 |    24 |    22 ||    66
       Quarterstaff      |       |    38 |    65 |       ||   103
       Spear             |       |       |   115 |   213 ||   328
Throw: Javelin           |       |       |     1 |     1 ||     2
 Cast: Freeze            |    22 |    24 |    49 |    24 ||   119
       Throw Frost       |     2 |     9 |    39 |    18 ||    68
       Ozocubu's Armour  |       |     1 |    10 |     7 ||    18
       Summon Ice Beast  |       |       |    28 |    28 ||    56
       Throw Icicle      |       |       |    33 |    58 ||    91
       Metabolic Englaci |       |       |       |     1 ||     1
Invok: Divine Energy     |       |       |     1 |       ||     1
  Use: Potion            |     2 |       |     4 |     3 ||     9
       Scroll            |       |     2 |     9 |       ||    11
 Stab: Sleeping          |     3 |     2 |    10 |     4 ||    19
       Petrifying        |       |       |     1 |       ||     1
       Distracted        |       |       |     1 |       ||     1
  Eat: Chunk             |     1 |     6 |    20 |    14 ||    41
       Ration            |       |       |     3 |     3 ||     6
Armor: Skin              |    47 |    44 |    70 |   108 ||   269
Dodge: Dodged            |    73 |    86 |   166 |   211 ||   536
